 Dungeon Crawl Stone Soup version 0.29-a0-338-g1ff7896281 (webtiles) character file.

Game seed: 4255909132251144094

2972 bande the Cleaver (level 9, -2/55 HPs)
             Began as a Gargoyle Fighter on Apr 18, 2022.
             Killed from afar by Maggie (32 damage)
             ... with a bolt of fire
             ... on level 7 of the Dungeon.
             The game lasted 00:11:59 (8403 turns).

bande the Cleaver (Gargoyle Fighter)                Turns: 8403, Time: 00:12:01

Health: -2/55      AC: 19    Str: 20    XL:     9   Next: 82%
Magic:  9/9        EV:  7    Int: 12    God:
Gold:   323        SH:  8    Dex: 19    Spells: 8/8 levels left

rFire   . . .      SeeInvis .   a - +1 war axe
rCold   . . .      Faith    .   p - +2 buckler
rNeg    + . .      Spirit   .   n - +0 chain mail
rPois   ∞          Reflect  .   m - +0 helmet {Int+3}
rElec   +          Harm     .   i - +0 cloak
rCorr   +          Rampage  .   (no gloves)
Will    .....                   (no boots)
Stlth   ..........              t - amulet of regeneration
HPRegen 0.98/turn               h - ring of resist corrosion
MPRegen 0.11/turn               r - +6 ring of dexterity

@: mesmerised
A: sickness immunity, AC +6, negative energy resistance 1, electricity
resistance, torment resistance 1, petrification resistance
a: no special abilities


You were on level 7 of the Dungeon.
You visited 2 branches of the dungeon, and saw 8 of its levels.

You collected 323 gold pieces.

Inventory:

Hand Weapons
 a - a +1 war axe (weapon)
 q - a +1 vorpal flail
 x - a +0 war axe
Armour
 i - a +0 cloak (worn)
 m - a +0 helmet of intelligence (worn)
 n - a +0 chain mail (worn)
 p - a +2 buckler (worn)
Jewellery
 h - a ring of resist corrosion (left hand)
 r - a +6 ring of dexterity (right hand)
 t - an amulet of regeneration (around neck)
 v - an amulet of the acrobat
Wands
 c - a wand of flame (19)
 f - a wand of paralysis (13)
Scrolls
 l - a scroll of summoning
 o - 3 scrolls of teleportation
Potions
 b - a potion of cancellation
 d - a potion of might
 e - a potion of flight
 g - 3 potions of curing
 j - a potion of brilliance {unknown}
 k - 2 potions of heal wounds
 s - 4 potions of resistance {unknown}
 u - 3 potions of mutation {unknown}
 w - a potion of haste {unknown}


   Skills:
 + Level 6.1 Fighting
 + Level 8.6 Axes
 + Level 7.0 Armour
 - Level 0.2 Dodging
 + Level 5.9 Shields
 * Level 3.7 Evocations


You had 8 spell levels left.
You didn't know any spells.
Your spell library contained the following spells:

 Spells                   Type           Power      Damage    Failure   Level
 Beastly Appendage        Tmut           0%         N/A       98%         1
 Summon Small Mammal      Summ           0%         N/A       98%         1
 Wereblood                Tmut           0%         N/A       99%         2
 Call Canine Familiar     Summ           0%         N/A       100%        3
 Gell's Gravitas          Tloc           0%         N/A       100%        3
 Spider Form              Tmut/Pois      0%         N/A       100%        3
 Summon Guardian Golem    Hex/Summ       0%         N/A       100%        3
 Teleport Other           Tloc           0%         N/A       100%        3
 Dispersal                Tloc           0%         N/A       100%        6


Dungeon Overview and Level Annotations

Branches:
Dungeon (7/15)             Temple (1/1) D:4

Altars:
Ashenzari
Cheibriados
Dithmenos
Gozag
Hepliaklqana
Nemelex Xobeh
Ru
Sif Muna
Uskayaw
Vehumet
Wu Jian
Xom
Yredelemnul
Zin
The Shining One
Jiyva

Shops:
D:6 =

Annotations:
D:7 Maggie


Innate Abilities, Weirdness & Mutations

You are immune to sickness and miasma.
Your stone body is resilient. (AC +6)
You are immune to poison.
You resist negative energy. (rN+)
You are resistant to electric shocks. (rElec)
You are resistant to unholy torment.
You are immune to petrification.


Message History

You hit Maggie but do no damage.
Maggie is lightly wounded.
The gnoll sergeant hits you from afar with a +0 spear.
Maggie hits you but does no damage.
You barely miss Maggie.
Maggie is lightly wounded.
The gnoll sergeant hits you but does no damage.
Maggie casts a spell.
Maggie draws you further into her thrall.
You slash Maggie!
Maggie is moderately wounded.
Maggie casts a spell.
Maggie draws you further into her thrall.
The gnoll sergeant hits you from afar with a +0 spear.
You closely miss Maggie.
Maggie is moderately wounded.
You block Maggie's attack.
The gnoll sergeant hits you from afar with a +0 spear.
You closely miss Maggie.
Maggie is moderately wounded.
Maggie hits you with a +0 scimitar. You block the gnoll sergeant's attack.
You slash Maggie!
Maggie is heavily wounded.
The gnoll sergeant closely misses you. Maggie hits you but does no damage.
You hit Maggie but do no damage.
Maggie is heavily wounded.
You block Maggie's attack. The gnoll sergeant barely misses you.
Maggie hits you with a +0 scimitar.
The gnoll sergeant hits you from afar with a +0 spear.
You hit Maggie but do no damage.
Maggie is heavily wounded.
The gnoll sergeant hits you but does no damage.
You block Maggie's attack.
You hit Maggie but do no damage.
Maggie is heavily wounded.
You block the gnoll sergeant's attack.
Maggie points at you and mumbles some strange words.
The bolt of fire hits you!!
Ouch! That really hurt!
You die...

# # #..
.####g####### ..
!.....@@)...##.#
#.###.####.....#
# #..##.# #..#
#..# #..# ##..#
##...##
.#######.....####


You could see Maggie (mesmerising) and a gnoll sergeant.

Vanquished Creatures
  Grinder (D:3)
  Sigmund (D:4)
  Edmund (D:4)
  3 water moccasins
  Pargi (D:4)
  The ghost of spaghetti the Chopper, an amateur DDCK of Xom (D:4)
  3 black bears
  An ogre (D:5)
  2 phantoms
  A centaur (D:7)
  A kobold brigand (D:6)
  2 scorpions (D:6)
  A gnoll sergeant (D:5)
  5 wights (D:7)
  A howler monkey (D:6)
  3 quasits (D:4)
  2 orc priests (D:4)
  4 hounds
  A gnoll shaman (D:6)
  3 jellies
  3 orc wizards
  2 iguanas
  Robin (D:4)
  8 adders
  7 gnolls
  3 white imps
  3 worms
  2 dart slugs
  22 orcs
  10 ball pythons
  5 bats
  6 endoplasms
  5 giant cockroaches
  15 goblins
  9 hobgoblins
  4 jackals (D:2)
  14 kobolds
  9 quokkas
  6 frilled lizards
  9 rats
181 creatures vanquished.

Vanquished Creatures (others)
  3 fungi (D:2)
  7 plants (D:2)
10 creatures vanquished.

Grand Total: 191 creatures vanquished

Notes
Turn   | Place    | Note
-------+----------+-------------------------------------------
     0 | D:1      | bande the Gargoyle Fighter began the quest for the Orb.
     0 | D:1      | Reached XP level 1. HP: 14/14 MP: 1/1
   250 | D:1      | Reached skill level 2 in Axes
   250 | D:1      | Reached XP level 2. HP: 3/19 MP: 2/2
   599 | D:1      | Reached XP level 3. HP: 21/23 MP: 3/3
  1102 | D:1      | You fall into a shaft and drop 1 floor!
  1399 | D:2      | Reached XP level 4. HP: 18/29 MP: 4/4
  1986 | D:2      | Found a faded altar of an unknown god.
  2220 | D:2      | Reached skill level 3 in Axes
  2672 | D:3      | Reached XP level 5. HP: 32/33 MP: 5/5
  2752 | D:3      | Noticed Grinder
  2761 | D:3      | Killed Grinder
  2762 | D:3      | Reached skill level 4 in Axes
  2762 | D:3      | Reached XP level 6. HP: 28/38 MP: 6/6
  3174 | D:3      | Found a basalt altar of Yredelemnul.
  3603 | D:4      | Noticed Pargi
  3613 | D:4      | Found a transporter.
  3626 | D:4      | Killed Pargi
  3690 | D:4      | Noticed spaghetti's ghost (amateur DDCK)
  3728 | D:4      | Reached skill level 5 in Armour
  3728 | D:4      | Reached XP level 7. HP: 38/44 MP: 7/7
  3772 | D:4      | Noticed Robin
  3791 | D:4      | Killed Robin
  3918 | D:4      | Reached skill level 5 in Axes
  3930 | D:4      | Noticed Sigmund
  3944 | D:4      | Killed Sigmund
  4419 | D:4      | Noticed Edmund
  4437 | D:4      | Killed Edmund
  4438 | D:4      | Reached skill level 6 in Axes
  4438 | D:4      | Reached XP level 8. HP: 17/48 MP: 8/8
  4925 | D:4      | Found a staircase to the Ecumenical Temple.
  4933 | D:4      | Reached skill level 5 in Fighting
  4940 | Temple   | Entered the Ecumenical Temple
  5414 | D:5      | Entered Level 5 of the Dungeon
  5795 | D:4      | Reached skill level 1 in Evocations
  5952 | D:4      | Killed spaghetti's ghost
  5955 | D:4      | Found a transporter.
  6250 | D:5      | Found a hazy altar of Hepliaklqana.
  6331 | D:5      | Reached skill level 5 in Shields
  6706 | D:5      | Reached skill level 7 in Axes
  6833 | D:5      | Identified the +2 rapier of the Unliving {freeze, *Corrode
                  | Str+2 Int+5}
  6883 | D:5      | Reached XP level 9. HP: 53/54 MP: 9/9
  6889 | D:5      | Found a sacrificial altar of Ru.
  7500 | D:6      | Found Jiyr's Jewellery Emporium.
  7793 | D:6      | Reached skill level 8 in Axes
  8085 | D:7      | Found a snail-covered altar of Cheibriados.
  8371 | D:7      | Noticed Maggie
  8403 | D:7      | Killed from afar by Maggie

Illustrated notes

Levels and vault maps discovered:
D:1:      dpeg_arrival_orchard, layout_loops_ring, serial_aquarium,
          aquarium_bridge_square [aquarium_subvault_bridge,
          aquarium_subvault_bridge, aquarium_subvault_wall,
          aquarium_subvault_bridge], aquarium_window_1, aquarium_window_fake,
          aquarium_window_fake, aquarium_view_2d, aquarium_view_2b,
          aquarium_balcony_3b, aquarium_pool_2, minmay_heptomino_d4
D:2:      layout_basic, shapermc_ecumenical_altar_hornbeckon
D:3:      layout_loops_corners, mainiacjoe_overflow_paths,
          serial_park_tiny_pond, nicolae_underground_beach, uniq_grinder
D:4:      minmay_diamond_boxcup, layout_gridville,
          minmay_temple_entry_proselytizer, gammafunk_ghost_stat_death,
          uniq_edmund, uniq_robin, uniq_sigmund, uniq_pargi
D:5:      layout_loops_cross, mainiacjoe_overflow_six_doors_small,
          nicolae_ru_awakened_eye
D:6:      minmay_octagon_keep, layout_gridville, serial_shops,
          nicolae_shop_stone, amcnicky_mini_pool_small, minivault_25,
          corexii_leaking_fountain
D:7:      layout_loops_ring, overflow_temple_1_default, serial_glass,
          glass_columns_a, glass_columns_a, glass_columns_a, glass_columns_b,
          uniq_maggie
Temple:   pf_slimified_temple

Skill      XL: |  1  2  3  4  5  6  7  8  9 |
---------------+----------------------------+-----
Axes           | 2 3 4 6 7 8 |  8.6
Armour         | 4 5 6 7 |  7.0
Fighting       | 4 5 6 |  6.1
Shields        | 4 5 |  5.9
Evocations     | 2 3 |  3.7
Dodging        | |  0.2

Action                   |  1- 3 |  4- 6 |  7- 9 || total
-------------------------+-------+-------+-------++-------
Melee: War axe           |   110 |   150 |   379 ||   639
  Use: Scroll            |     1 |     7 |     5 ||    13
       Potion            |       |       |     3 ||     3
Armor: Scale mail        |    65 |    25 |       ||    90
       Chain mail        |       |    77 |   288 ||   365
Dodge: Dodged            |    47 |    55 |   149 ||   251
Block: Buckler           |    25 |    46 |   199 ||   270

Table legend: (Time is in decaauts)
 A = Elapsed time spent in this place.
 B = Non-inter-level travel time spent in this place.
 C = Inter-level travel time spent in this place.
 D = Time resting spent in this place.
 E = Time spent auto-exploring this place.
 F = Levels seen in this place.
 G = Mean time per level.
                   A        B        C        D        E       F      G
               +--------+--------+--------+--------+--------+-----+--------+
         Total |   8582 |   8375 |    207 |   1999 |   4721 |   8 | 1072.8 |
       Dungeon |   8395 |   8188 |    207 |   1999 |   4575 |   7 | 1199.3 |
        Temple |    187 |    187 |      0 |      0 |    146 |   1 |  187.0 |
               +--------+--------+--------+--------+--------+-----+--------+

Top non-repeatable levels by time:
     D:4: 2171 daAuts
     D:1: 1414 daAuts
     D:5: 1390 daAuts
     D:2: 1229 daAuts
     D:3: 1048 daAuts
     D:6: 798 daAuts
     D:7: 342 daAuts
  Temple: 187 daAuts
